 Dungeon Crawl Stone Soup version 0.18.1-47-g9310371 (webtiles) character file.

14858 zervinho the Nimble (level 11, -4/52 HPs)
             Began as a Spriggan Enchanter on June 21, 2016.
             Was a Priest of Dithmenos.
             Killed from afar by Frances (40 damage)
             ... with an iron shot
             ... on level 12 of the Dungeon.
             The game lasted 01:12:42 (14019 turns).

zervinho the Nimble (Spriggan Enchanter)           Turns: 14019, Time: 01:12:43

Health: -4/52      AC:  6    Str:  4    XL:     11   Next: 94%
Magic:  9/25       EV: 32    Int: 21    God:    Dithmenos [***...]
Gold:   688        SH:  0    Dex: 21    Spells: 3 memorised, 23 levels left

rFire  . . .     SeeInvis +     i - +3 dagger (venom)
rCold  . . .     Gourm    .     b - +1 robe
rNeg   . . .     Faith    .     (shield restricted)
rPois  +         Spirit   .     (helmet restricted)
rElec  .         Dismiss  .     K - +2 cloak {rPois}
rCorr  .         Reflect  .     (gloves unavailable)
SustAt .         Harm     .     (boots unavailable)
MR     +....                    (no amulet)
Stlth  +++++++++.               (no ring)
                                o - +5 ring of dexterity

@: about to teleport, wreathed by umbra, drained, very quick, somewhat resistant
to hostile enchantments, incredibly stealthy
A: unfitting armour, see invisible, herbivore 3, speed 3, slow metabolism 2
a: Shadow Step, Renounce Religion


You were on level 12 of the Dungeon.
You worshipped Dithmenos.
Dithmenos was most pleased with you.
You were not hungry.

You visited 2 branches of the dungeon, and saw 13 of its levels.

You collected 688 gold pieces.

Inventory:

Hand Weapons
 i - a +3 dagger of venom (weapon)
 v - a +1 short sword of flaming
 B - a +1 dagger of speed
Missiles
 n - 7 javelins of returning (quivered)
Armour
 b - a +1 robe (worn)
 u - a +1 cloak
 K - a +2 cloak of poison resistance (worn)
Magical Staves
 I - an uncursed staff of energy
Jewellery
 o - a +5 ring of dexterity (left hand)
 L - an uncursed ring of sustain attributes {unknown}
Wands
 h - a wand of iceblast (4/15)
 j - a wand of flame (25/48)
 s - a wand of flame (26/48)
 t - a wand of lightning (0/15)
 x - a wand of heal wounds (0/9)
 z - a wand of iceblast (3/15)
 A - a wand of paralysis (9/24)
 C - a wand of random effects (29/48)
 F - a wand of slowing (15/48)
 J - a wand of acid (12/15)
Scrolls
 g - a scroll of teleportation
 k - 3 scrolls of blinking
 m - 13 scrolls of remove curse
 r - 3 scrolls of fear
 y - 2 scrolls of identify
 E - a scroll of silence {unknown}
 M - a scroll of magic mapping {unknown}
Potions
 e - 3 potions of lignification
 f - 2 potions of berserk rage
 l - 2 potions of might
 p - 4 potions of brilliance
 D - a potion of resistance
 G - a potion of magic
Books
 c - a book of Maledictions

   Spells                             Type                      Level
   a - Corona                         Hexes                        1
   b - Ensorcelled Hibernation        Hexes/Ice                    2
   c - Confuse                        Hexes                        3
   d - Tukima's Dance                 Hexes                        3
   e - Dazzling Spray                 Conjuration/Hexes            3
 N - a book of Death

   Spells                             Type                      Level
   a - Corpse Rot                     Necromancy                   2
   b - Sublimation of Blood           Necromancy                   2
   c - Agony                          Necromancy                   5
   d - Dispel Undead                  Necromancy                   5
   e - Excruciating Wounds            Charms/Necromancy            5
   f - Bolt of Draining               Conjuration/Necromancy       5
Miscellaneous
 H - a plain deck of defence {drawn: 4}
Comestibles
 a - 3 fruits
 d - 6 bread rations
 q - a royal jelly
 w - 8 slices of pizza


   Skills:
 * Level 3.4(3.2) Fighting
 + Level 9.4(9.2) Short Blades
 + Level 13.4(13.2) Dodging
 + Level 13.0(12.8) Stealth
 + Level 9.5(9.3) Spellcasting
 - Level 10.9(10.7) Hexes


You had 23 spell levels left.
You knew the following spells:

 Your Spells              Type           Power        Failure   Level  Hunger
a - Corona                Hex            ######.      1%          1    None
b - Ensorcelled Hibernat  Hex/Ice        ####..       1%          2    None
c - Confuse               Hex            ######..     1%          3    None


Dungeon Overview and Level Annotations

Branches:
Dungeon (12/15)            Temple (1/1) D:7            Lair (0/8) D:10
    Orc (0/2) D:10

Altars:
Ashenzari
Cheibriados
Dithmenos
Elyvilon
Gozag
Kikubaaqudgha
Nemelex Xobeh
Okawaru
Pakellas
Qazlal
Ru
Sif Muna
Trog
Vehumet
Xom
Yredelemnul
Zin
The Shining One

Annotations:
D:12 Frances


Innate Abilities, Weirdness & Mutations

You are tiny and cannot use many weapons and most armour.
You have supernaturally acute eyesight.
You are a herbivore.
You cover ground extremely quickly.
You need consume almost no food.


Message History

Casting: Ensorcelled Hibernation
Confirm with . or Enter, or press ? or * to list all spells.
Aiming: Ensorcelled Hibernation
Press: ? - help, Shift-Dir - straight line, f/p - Frances
Aim: Frances, wielding a scimitar of draining and wearing a ring mail (fast, umbra, chance to defeat MR: 5%)
The sixfirhy resists with almost no effort.
The sixfirhy completely misses you.
The hellwing swoops through the air toward you!
The hellwing hits you! The hellwing misses you.
You hit the hellwing but do no damage. The sixfirhy misses you.
The hellwing completely misses you. x2; The sixfirhy completely misses you.
The sixfirhy closely misses you.
There are no items here.
Read which item? (? for menu, Esc to quit)
As you read the scroll of teleportation, it crumbles to dust.
You feel strangely unstable.
Frances screams a word of power!
The iron shot hits you!
Ouch! That really hurt!
You die...

......................
######................
#.......)........
#............####
#............#
#......4.....#
#.....4......#
#.....@.....$#
#....@4......#
#............#
#./..........#
##############


You could see Frances, a hellwing, an ice devil and a sixfirhy.

Vanquished Creatures
  Snorg (D:11)
  Harold (D:11)
  2 hill giants (D:10)
  3 ugly things
  A manticore (D:11)
  A centaur zombie (D:10)
  Maurice (D:11)
  2 gargoyles
  A komodo dragon (D:10)
  2 trolls (D:11)
  4 two-headed ogres
  8 yaks
  Eustachio (D:4)
  A human (D:7)
  A wyvern (D:11)
  3 hippogriffs
  A hungry ghost (D:7)
  A mottled dragon (D:12)
  A water moccasin (D:10)
  A black bear (D:9)
  A phantom (D:10)
  6 orc warriors
  10 ogres
  2 sky beasts
  3 eyes of draining
  2 centaurs
  5 big kobolds
  Blork the orc (D:4)
  10 giant frogs
  A wyvern zombie (D:6)
  3 gnoll sergeants (D:10)
  A wyvern skeleton (D:9)
  3 scorpions
  10 killer bees
  3 wights
  A howler monkey (D:4)
  3 crimson imps
  A giant frog zombie (D:12)
  2 wasp zombies (D:11)
  6 hounds
  A jelly (D:7)
  6 orc priests
  2 iguanas
  2 centaur skeletons
  5 worker ants
  Terence (D:2)
  7 orc wizards
  Natasha (thrice) (D:2)
  2 sheep (D:7)
  A hound zombie (D:5)
  3 hound skeletons
  3 worker ant zombies
  9 gnolls
  12 adders
  2 shadow imps
  2 oozes
  2 adder skeletons
  3 worms
  A dart slug (D:1)
  10 giant geckos
  38 orcs
  2 ball pythons
  9 bats
  7 giant cockroaches
  9 goblins
  5 hobgoblins
  11 jackals
  7 quokkas
  A giant gecko zombie (D:8)
  4 giant newts
  A jackal skeleton (D:4)
  18 kobolds
  9 rats
309 creatures vanquished.

Vanquished Creatures (others)
  2 plants (D:10)
2 creatures vanquished.

Grand Total: 311 creatures vanquished

Notes
Turn   | Place    | Note
--------------------------------------------------------------
     0 | D:1      | zervinho the Spriggan Enchanter began the quest for the Orb.
     0 | D:1      | Reached XP level 1. HP: 9/9 MP: 5/5
   146 | D:1      | Reached XP level 2. HP: 2/13 MP: 4/6
   150 | D:1      | Learned a level 2 spell: Ensorcelled Hibernation
   608 | D:1      | Reached XP level 3. HP: 16/16 MP: 6/8
  1081 | D:1      | Reached skill level 5 in Stealth
  1180 | D:2      | Noticed Natasha
  1184 | D:2      | Killed Natasha
  1184 | D:2      | Reached XP level 4. HP: 21/21 MP: 9/9
  1517 | D:2      | Noticed Natasha
  1519 | D:2      | Killed Natasha
  1530 | D:2      | Found a shimmering altar of Xom.
  1664 | D:2      | Reached XP level 5. HP: 24/24 MP: 8/10
  1741 | D:2      | Noticed Natasha
  1749 | D:2      | Killed Natasha
  2070 | D:2      | Noticed Terence
  2082 | D:2      | Killed Terence
  2184 | D:2      | Learned a level 3 spell: Confuse
  2691 | D:3      | Found an oddly glowing altar of Pakellas.
  2770 | D:3      | You fall through a shaft for 2 floors!
  2770 | D:5      | Entered Level 5 of the Dungeon
  2851 | D:5      | Reached XP level 6. HP: 27/28 MP: 3/12
  3483 | D:4      | Found a radiant altar of Vehumet.
  3488 | D:4      | Noticed Blork the orc
  3496 | D:4      | Killed Blork the orc
  3574 | D:4      | Reached XP level 7. HP: 31/32 MP: 14/14
  3783 | D:3      | Found a faded altar to an unknown god.
  3791 | D:3      | Became a worshipper of Gozag Ym Sagoz the Greedy
  3795 | D:3      | Fell from the grace of Gozag
  4307 | D:4      | Reached skill level 5 in Short Blades
  4459 | D:4      | Found a sacrificial altar of Ru.
  4594 | D:4      | Noticed Eustachio
  4601 | D:4      | Killed Eustachio
  4601 | D:4      | Reached skill level 5 in Dodging
  4601 | D:4      | Reached skill level 5 in Hexes
  4939 | D:5      | Reached skill level 5 in Spellcasting
  5196 | D:6      | Reached XP level 8. HP: 36/36 MP: 10/16
  5778 | D:6      | Found a sparkling altar of Nemelex Xobeh.
  6159 | D:6      | Gained mutation: You are partially covered in rugged brown scales (AC +1, +3% HP). [potion of mutation]
  6159 | D:6      | Gained mutation: You have a pair of small horns on your head. [potion of mutation]
  6159 | D:6      | Gained mutation: Armour fits poorly on your strangely shaped body. [potion of mutation]
  6162 | D:6      | Lost mutation: You have a pair of small horns on your head. [potion of cure mutation]
  6162 | D:6      | Lost mutation: You are partially covered in rugged brown scales (AC +1, +3% HP). [potion of cure mutation]
  6162 | D:6      | Lost mutation: Armour fits poorly on your strangely shaped body. [potion of cure mutation]
  6184 | D:7      | Found a bloodstained altar of Trog.
  6968 | D:7      | Was forgiven by Gozag
  7102 | D:7      | Reached XP level 9. HP: 35/39 MP: 15/19
  7211 | D:7      | Found a staircase to the Ecumenical Temple.
  7251 | Temple   | Entered the Ecumenical Temple
  7510 | Temple   | Became a worshipper of Dithmenos the Shadowed
  7904 | D:7      | Reached skill level 10 in Stealth
  8651 | D:8      | Reached * piety under Dithmenos
  8926 | D:8      | Found an iron altar of Okawaru.
 10261 | D:9      | Reached skill level 10 in Dodging
 10275 | D:9      | Reached XP level 10. HP: 35/44 MP: 6/22
 10636 | D:9      | You fall through a shaft for 3 floors!
 10636 | D:12     | Noticed Frances
 10636 | D:12     | Noticed a cyan ugly thing
 10641 | D:12     | Reached ** piety under Dithmenos
 10704 | D:10     | Entered Level 10 of the Dungeon
 10970 | D:10     | Found a staircase to the Orcish Mines.
 11033 | D:10     | Noticed a gargoyle
 11039 | D:10     | Killed a gargoyle
 11608 | D:10     | Noticed a hill giant
 11615 | D:10     | Killed a hill giant
 11615 | D:10     | Reached skill level 10 in Hexes
 11752 | D:10     | Found a staircase to the Lair.
 11952 | D:10     | Noticed a cyan ugly thing
 11960 | D:10     | Killed a cyan ugly thing
 11960 | D:10     | Reached XP level 11. HP: 46/47 MP: 16/24
 12070 | D:10     | Noticed a cyan ugly thing
 12075 | D:10     | Killed a cyan ugly thing
 12086 | D:10     | Reached *** piety under Dithmenos
 12286 | D:10     | Noticed a hill giant
 12295 | D:10     | Killed a hill giant
 12562 | D:11     | Noticed Maurice
 12569 | D:11     | Killed Maurice
 12600 | D:11     | Noticed Snorg
 12852 | D:11     | Reached skill level 1 in Fighting
 12872 | D:11     | Found a basalt altar of Yredelemnul.
 13352 | D:11     | Noticed Harold
 13359 | D:11     | Killed Harold
 13549 | D:11     | Killed Snorg
 13841 | D:12     | Killed a cyan ugly thing
 14019 | D:12     | Killed from afar by Frances

Skill      XL: |  1  2  3  4  5  6  7  8  9 10 11 |
---------------+----------------------------------+-----
Short Blades   | 2 3 4 5 6 7 8 9 |  9.4
Spellcasting   | 3 4 5 6 7 8 9 |  9.5
Stealth        | 5 6 7 8 9 10 11 13 | 13.0
Hexes          | 4 5 7 8 10 | 10.9
Dodging        | 4 5 7 10 12 13 | 13.4
Fighting       | 3 |  3.4

Action                   |  1- 3 |  4- 6 |  7- 9 | 10-12 || total
-------------------------+-------+-------+-------+-------++-------
Melee: Dagger            |    74 |   124 |   272 |   242 ||   712
 Cast: Corona            |    15 |    21 |    31 |    21 ||    88
       Ensorcelled Hiber |     9 |    38 |   101 |   132 ||   280
       Confuse           |       |       |    18 |     2 ||    20
Invok: Renounce Religion |       |       |     1 |       ||     1
       Shadow Step       |       |       |       |     3 ||     3
Evoke: Wand              |       |       |     6 |     2 ||     8
       Deck              |       |       |     4 |       ||     4
  Use: Scroll            |     3 |     4 |     6 |     1 ||    14
       Potion            |       |     1 |    10 |     2 ||    13
 Stab: Sleeping          |    12 |    30 |    72 |    94 ||   208
       Confused          |       |       |    11 |     1 ||    12
       Distracted        |       |       |       |     1 ||     1
  Eat: Bread ration      |       |     1 |       |       ||     1
       Fruit             |       |       |     4 |     4 ||     8
Armor: Robe              |    17 |    18 |    17 |     7 ||    59
Dodge: Dodged            |    93 |    87 |   199 |   184 ||   563
